AoeStats
← 小白

Black Forest

504955438Analyzed
4v4 RM · 26d ago on Sep 7, 2026· 47m 10s· 8 players
Game mode
Random Map
Map size
Large (8 player)
Population
200
Speed
Normal
Resources
Standard
Victory
Conquest
Starting age
Dark Age
Ending age
Imperial Age
RankedLock teamsTeams togetherTeam positionsShared explorationLock speedFull tech treeHidden civsTurbo modeCheats
Victory
Defeat
🇹🇼 Dravidians · Taiwan
1898
+7
🇹🇼 Bohemians · Taiwan
1807
+10
🇹🇼 Georgians · Taiwan
1751
+12
🇹🇼 Persians · Taiwan
1592
+17
1728
-15
🇹🇼 Gurjaras · Taiwan
1657
-11
1648
-11
🇮🇩 Vikings · Indonesia
1596
-9
Embege
1:13 Loom
15:39 Feudal Age
17:46 Fletching
23:42 Double-Bit Axe
23:38 Horse Collar
30:27 Castle Age
29:29 Gold Mining
30:48 Padded Archer Armor
30:35 Crossbowman
31:11 Bodkin Arrow
41:09 Imperial Age
39:06 Fortified Wall
39:26 Bow Saw
39:56 Forging
39:47 Scale Mail Armor
42:18 Conscription
44:44 Iron Casting
44:24 Chain Mail Armor
44:14 Gambesons
44:29 Squires
44:15 Arson
45:55 Two-Man Saw
46:27 Pikeman
47:26 Chieftains
______小小的蓝天
12:19 Feudal Age
16:03 Castle Age
16:59 Double-Bit Axe
18:35 Bow Saw
22:23 Wheelbarrow
21:31 Fishing Lines
21:51 Horse Collar
23:37 Gold Mining
24:44 Scale Barding Armor
25:31 Stone Mining
25:42 Heavy Plow
27:00 Chain Barding Armor
28:01 Forging
28:25 Hand Cart
28:31 Devotion
27:56 Light Cavalry
29:53 Bloodlines
32:27 Imperial Age
29:44 Loom
31:14 Iron Casting
31:20 Husbandry
32:08 Pikeman
32:40 Fletching
33:11 Ballistics
32:37 Town Watch
34:35 Plate Barding Armor
33:59 Guard Tower
33:54 Arrowslits
34:05 Bodkin Arrow
34:39 Block Printing
34:54 Svan Towers
36:25 Keep
36:31 Bracer
37:29 Conscription
38:24 Blast Furnace
38:29 Chemistry
39:09 Blast Furnace
38:18 Murder Holes
38:31 Treadmill Crane
40:09 Theocracy
40:13 Masonry
42:02 Architecture
42:05 Elite Monaspa
43:03 Caravan
43:43 Scale Mail Armor
44:18 Coinage
43:58 Halberdier
45:35 Siege Engineers
46:06 Squires
45:52 Arson
47:49 Chain Mail Armor
3∅∰©Ψ H̵͎̄ẽ̵̝ ̵
11:21 Feudal Age
14:55 Castle Age
13:53 Double-Bit Axe
13:58 Horse Collar
16:30 Bow Saw
20:28 Heavy Plow
21:28 Wheelbarrow
22:38 Hand Cart
22:39 Loom
22:52 Gold Mining
25:56 Gold Shaft Mining
26:33 Squires
26:34 Scale Mail Armor
26:44 Forging
26:32 Stone Mining
26:25 Man-at-Arms
27:25 Gambesons
28:00 Chain Mail Armor
30:38 Imperial Age
27:34 Long Swordsman
32:00 Plate Mail Armor
32:06 Iron Casting
30:54 Two-Handed Swordsman
32:34 Champion
32:41 Pikeman
36:06 Blast Furnace
34:38 Onager
35:15 Fletching
41:41 Bodkin Arrow
41:47 Padded Archer Armor
41:09 Elite Skirmisher
43:06 Bracer
43:22 Leather Archer Armor
43:51 Thumb Ring
44:53 Chemistry
46:11 Sanctity
46:03 Fervor
46:09 Block Printing
46:07 Redemption
YiMia
0:38 Loom
12:28 Feudal Age
18:33 Castle Age
16:44 Double-Bit Axe
32:16 Wheelbarrow
42:35 Horse Collar
小蜜蜂
10:52 Feudal Age
14:32 Castle Age
12:27 Horse Collar
13:17 Double-Bit Axe
15:40 Bow Saw
16:08 Heavy Plow
19:27 Gold Mining
21:54 Wheelbarrow
22:49 Stone Mining
23:23 Hand Cart
26:10 Scale Mail Armor
26:20 Forging
29:00 Imperial Age
26:19 Loom
27:12 Chain Mail Armor
26:17 Man-at-Arms
26:43 Gambesons
26:58 Squires
28:23 Iron Casting
27:11 Long Swordsman
27:45 Treadmill Crane
27:27 Long Swordsman
28:22 Squires
29:19 Capped Ram
29:20 Two-Handed Swordsman
30:32 Plate Mail Armor
31:03 Blast Furnace
30:06 Caravan
30:40 Conscription
30:23 Champion
33:25 Stone Shaft Mining
32:24 Siege Ram
34:08 Siege Engineers
36:10 Coinage
37:41 Scale Barding Armor
41:52 Ballistics
42:32 Chemistry
41:22 Guard Tower
41:24 Fletching
41:59 Bodkin Arrow
42:30 Guard Tower
45:12 Keep
45:27 Arrowslits
46:27 Masonry
47:45 Architecture
46:45 Pikeman
47:28 Bracer
Sumi
11:43 Loom
13:31 Feudal Age
17:23 Castle Age
16:08 Double-Bit Axe
16:42 Fishing Lines
18:57 Bow Saw
22:57 Gillnets
29:33 Loom
30:23 Wheelbarrow
32:43 Imperial Age
30:28 Gold Mining
30:28 Stone Mining
33:26 Imperial Age
31:29 Scale Barding Armor
31:34 Forging
31:54 Scale Mail Armor
32:28 Kamandaran
33:39 Chain Barding Armor
33:54 Iron Casting
34:13 Iron Casting
33:53 Elite War Elephant
36:10 Husbandry
36:51 Devotion
38:23 Plate Barding Armor
38:50 Citadels
39:18 Bloodlines
41:02 Fletching
42:41 Bodkin Arrow
43:48 Blast Furnace
45:16 Hoardings
44:57 Masonry
46:55 Light Cavalry
ANKR.Tank20089
0:43 Loom
12:22 Feudal Age
18:15 Castle Age
16:27 Fishing Lines
19:05 Double-Bit Axe
20:43 Chemistry
21:33 Bow Saw
28:44 Padded Archer Armor
32:48 Wheelbarrow
33:33 Horse Collar
34:10 Fortified Wall
36:49 Imperial Age
34:25 Heavy Plow
34:54 Hand Cart
36:38 Gillnets
37:04 Houfnice
38:36 Siege Engineers
41:10 Leather Archer Armor
41:42 Caravan
42:49 Ring Archer Armor
42:33 Wagenburg Tactics
43:18 Guilds
44:46 Fletching
45:19 Ballistics
45:22 Bombard Tower
46:05 Two-Man Saw
46:09 Bodkin Arrow
47:29 Bracer
47:35 Scale Barding Armor
47:31 Scale Mail Armor
47:42 Forging
47:56 Masonry
小白
2:58 Loom
11:26 Feudal Age
11:28 Man-at-Arms
12:16 Double-Bit Axe
13:56 Town Watch
16:29 Fletching
18:13 Padded Archer Armor
25:46 Castle Age
Connection lost

Rejoining the realm…

Still unreachable

The connection could not be restored.

Session expired

The server has moved on; the page needs a fresh start.